 Dungeon Crawl Stone Soup version 0.31-a0-875-g02e7d12df6 (webtiles) character file.

Game seed: 15973283265145726150

2697 pokeman the Thaumaturge (level 9, 0/49 HPs)
             Began as a Deep Elf Hedge Wizard on Oct 13, 2023.
             Slain by a sky beast (2 damage)
             ... on level 7 of the Dungeon.
             The game lasted 00:19:59 (6871 turns).

pokeman the Thaumaturge (Deep Elf Hedge Wizard)     Turns: 6871, Time: 00:20:00

Health: 0/49       AC:  6    Str:  3    XL:     9   Next: 38%
Magic:  27/36      EV: 16    Int: 24    God:
Gold:   118        SH:  0    Dex: 14    Spells: 24/32 levels left

rFire   . . .        x - +1 dagger (venom)
rCold   . . .        (no shield)
rNeg    . . .        C - +0 leather armour of the Shore {rPois MP+9 Str-4}
rPois   +            c - +0 hat
rElec   .            o - +0 cloak
rCorr   .            (no gloves)
SInv    .            z - +1 pair of boots
Will    .....        (no amulet)
Stlth   ++           h - +5 ring of evasion
HPRegen 0.28/turn    (no ring)
MPRegen 0.25/turn

%: no passive effects
@: no status effects
A: no striking features
a: no special abilities


You were on level 7 of the Dungeon.
You visited 1 branch of the dungeon, and saw 7 of its levels.
You also visited: Sewer.

You collected 326 gold pieces.
You spent 208 gold pieces at shops.

Inventory:

Hand Weapons
 x - a +1 dagger of venom (weapon)
Missiles
 E - a curare-tipped dart
Armour
 a - a +0 troll leather armour {Pargi}
 c - a +0 hat (worn)
 o - a +0 cloak (worn)
 z - a +1 pair of boots (worn)
 C - the +0 leather armour of the Shore (worn) {rPois MP+9 Str-4}
   (You found it on level 5 of the Dungeon)

   Str-4:     It affects your strength (-4).
   rPois:     It protects you from poison MP+9: It affects your magic capacity
   (+9).
 D - an orb of energy
 G - a +2 robe of willpower
Magical Staves
 v - a staff of poison
 F - a staff of conjuration
Jewellery
 h - a +5 ring of evasion (left hand)
Wands
 l - a wand of paralysis (7)
 q - a wand of acid (13)
Scrolls
 b - 2 scrolls of brand weapon {unknown}
 e - 2 scrolls of fog {unknown}
 f - 4 scrolls of poison {unknown}
 g - 2 scrolls of vulnerability {unknown}
 i - a scroll of immolation {unknown}
 m - a scroll of noise {unknown}
 n - a scroll of enchant weapon {unknown}
 p - 3 scrolls of identify {unknown}
 t - a scroll of amnesia {unknown}
 w - a scroll of fear {unknown}
 y - a scroll of teleportation {unknown}
 A - a scroll of silence {unknown}
 B - a scroll of blinking {unknown}
Potions
 d - 3 potions of magic
 j - 2 potions of brilliance {unknown}
 k - 2 potions of resistance {unknown}
 r - 4 potions of heal wounds
 s - 2 potions of mutation {unknown}
 u - a potion of lignification {unknown}
 H - 2 potions of curing


   Skills:
 + Level 2.3 Fighting
 - Level 4.0 Armour
 - Level 3.2 Dodging
 - Level 3.3 Stealth
 * Level 12.3 Spellcasting
 + Level 6.9 Conjurations
 - Level 1.1 Summonings
 - Level 1.1 Translocations
 - Level 1.0 Air Magic
 - Level 1.0 Poison Magic
 - Level 1.0 Evocations


You had 24 spell levels left.
You knew the following spells:

 Your Spells              Type           Power      Damage    Failure   Level
a - Magic Dart            Conj           100%       1d8       1%          1
b - Mephitic Cloud        Conj/Pois/Air  29%        N/A       7%          3
c - Call Imp              Summ           40%        N/A       8%          2
d - Blink                 Tloc           40%        N/A       8%          2

Your spell library contained the following spells:

 Spells                   Type           Power      Damage    Failure   Level
 Momentum Strike          Conj/Tloc      68%        3d9       2%          2
 Summon Small Mammal      Summ           80%        N/A       4%          1
 Slow                     Hex            56%        N/A       8%          1
 Lesser Beckoning         Tloc           40%        N/A       8%          2
 Cigotuvi's Dreadful Rot  Necr/Pois/Air  36%        N/A       9%          2
 Call Canine Familiar     Summ           20%        N/A       14%         3
 Summon Guardian Golem    Hex/Summ       17%        N/A       19%         3


Dungeon Overview and Level Annotations

Branches:
Dungeon (7/15)              Sewer (visited)
 Temple: D:4-7

Altars:
Ashenzari
Makhleb
Okawaru
Sif Muna
Xom
Zin

Shops:
D:4 *   D:6 !


Message History

Casting: Mephitic Cloud (dangerous; 7% risk of failure)
Confirm with . or Enter, or press ? or * to list all spells.
Aiming: Magic Dart (safe; 1% risk of failure)
Press: ? - help, Shift-Dir - straight line, f - orc
Aim: an orc, wielding a +0 falchion and wearing a +0 leather armour (100% to hit)
The magic dart hits something.
An orc comes into view. It is wielding a +0 hand axe.
Unknown command.
Casting: Magic Dart (safe; 1% risk of failure)
Confirm with . or Enter, or press ? or * to list all spells.
Aiming: Magic Dart (safe; 1% risk of failure)
Press: ? - help, Shift-Dir - straight line, f/p - orc
Aim: an orc, wielding a +0 falchion and wearing a +0 leather armour (100% to hit)
The magic dart hits the orc.
The orc is almost dead.
The orc priest looks encouraged for a moment.
Casting: Magic Dart (safe; 1% risk of failure)
Confirm with . or Enter, or press ? or * to list all spells.
Aiming: Magic Dart (safe; 1% risk of failure)
Press: ? - help, Shift-Dir - straight line, f/p - orc
Aim: an orc, wielding a +0 falchion and wearing a +0 leather armour (almost dead, 100% to hit)
The magic dart hits something.
A sky beast appears from thin air!
Reactivating autopickup.
Unknown command.
The orc priest invokes the aid of Beogh against you.
Beogh smites you!
* * * LOW HITPOINT WARNING * * *
Casting: Magic Dart (safe; 1% risk of failure)
Confirm with . or Enter, or press ? or * to list all spells.
Aiming: Mephitic Cloud (dangerous; 7% risk of failure)
Press: ? - help, Shift-Dir - straight line, f - you, p - orc The ball explodes into a vile cloud!
The stinking cloud engulfs you but does no damage.
Something shouts, "Disclaim thyself, thou erky sheep-biting nightsoil!"
The sky beast seems less confused.
A shadow imp comes into view.
The orc priest looks braver for a moment.
The sky beast attacks as it pursues you!
The sky beast hits you.
You die...

#### ..# #.# #####
#######<#####...#
................######
####.##...............
#.##.......@○..#
#.........#Y####
####.####.#.# #.#
#.#.o#
#.#..###o....... #.#>#
..#..#### #.#. .#.#..#
#.# #.#o# .# #.# # 5..
.#


You could see a sky beast, an orc priest and 2 orcs.

Vanquished Creatures
  Jeremiah (D:6)
  Eustachio (D:4)
  A steam dragon (D:6)
  A water moccasin (D:6)
  A sky beast (D:6)
  Pargi (Sewer)
  A centaur (D:6)
  2 ogres
  A phantom (D:6)
  A kobold brigand (D:6)
  5 scorpions
  2 wights (D:6)
  6 killer bees (D:6)
  A howler monkey (D:4)
  2 hounds
  A gnoll bouda (D:4)
  3 orc priests
  A sleepcap (D:5)
  2 iguanas (D:4)
  An orc wizard (D:6)
  11 gnolls
  7 adders
  A white imp (D:6)
  A worm (D:3)
  4 dart slugs
  22 orcs
  11 ball pythons
  6 endoplasms
  3 giant cockroaches
  10 goblins
  6 hobgoblins
  5 jackals
  14 kobolds
  4 quokkas
  8 bats
  A frilled lizard (D:1)
  6 rats
155 creatures vanquished.

Vanquished Creatures (collateral kills)
  A black bear (D:6)
  A wight (D:6)
  A sleepcap (D:4)
  A goblin (D:4)
4 creatures vanquished.

Grand Total: 159 creatures vanquished

Notes
Turn   | Place    | Note
-------+----------+-------------------------------------------
     0 | D:1      | pokeman the Deep Elf Hedge Wizard began the quest for the
                  | Orb.
     0 | D:1      | Reached XP level 1. HP: 10/10 MP: 7/7
    44 | D:1      | Reached XP level 2. HP: 6/15 MP: 1/9
   544 | D:1      | Reached skill level 5 in Spellcasting
   637 | D:1      | Found a faded altar of an unknown god.
   906 | D:1      | Reached XP level 3. HP: 20/20 MP: 7/11
   910 | D:1      | Learned a level 3 spell: Mephitic Cloud
   913 | D:1      | Learned a level 2 spell: Call Imp
   916 | D:1      | Learned a level 2 spell: Blink
  1376 | D:2      | Reached skill level 1 in Armour
  1386 | D:2      | Reached skill level 1 in Fighting
  1506 | D:2      | Reached XP level 4. HP: 25/25 MP: 7/13
  1662 | D:2      | Found a broken altar of Ashenzari.
  2284 | D:3      | Found an iron altar of Okawaru.
  2448 | D:3      | Found a glowing drain.
  2482 | Sewer    | Entered a sewer
  2686 | Sewer    | Noticed Pargi
  2710 | Sewer    | Killed Pargi
  2711 | Sewer    | Reached skill level 6 in Spellcasting
  2711 | Sewer    | Reached XP level 5. HP: 22/29 MP: 8/15
  3259 | D:3      | Found a burning altar of Makhleb.
  3259 | D:3      | Found a glowing silver altar of Zin.
  3259 | D:3      | Found a shimmering blue altar of Sif Muna.
  3570 | D:4      | Reached XP level 6. HP: 34/34 MP: 11/17
  3576 | D:4      | Reached skill level 1 in Poison Magic
  3590 | D:4      | Reached skill level 1 in Air Magic
  3590 | D:4      | Reached skill level 1 in Evocations
  3609 | D:4      | Reached skill level 7 in Spellcasting
  3749 | D:4      | Reached XP level 7. HP: 30/38 MP: 12/20
  3817 | D:4      | Found Rugybaod's General Store.
  3948 | D:4      | Found an ornate altar of the Wu Jian Council.
  3950 | D:4      | Found an ancient bone altar of Kikubaaqudgha.
  3950 | D:4      | Found a burning altar of Makhleb.
  3954 | D:4      | Found a shimmering altar of Xom.
  3954 | D:4      | Found a hazy altar of Hepliaklqana.
  3954 | D:4      | Found a sparkling altar of Nemelex Xobeh.
  4162 | D:4      | Reached skill level 8 in Spellcasting
  4212 | D:4      | Noticed Eustachio
  4234 | D:4      | Killed Eustachio
  4602 | D:5      | Entered Level 5 of the Dungeon
  4743 | D:5      | Reached skill level 9 in Spellcasting
  4963 | D:5      | Reached XP level 8. HP: 44/44 MP: 19/23
  4998 | D:5      | Reached skill level 5 in Conjurations
  5081 | D:5      | Identified the +0 leather armour of the Shore {rPois MP+9
                  | Str-4}
  5824 | D:6      | Reached skill level 10 in Spellcasting
  6231 | D:6      | Reached skill level 11 in Spellcasting
  6241 | D:6      | Reached XP level 9. HP: 44/48 MP: 26/26
  6253 | D:6      | Noticed Jeremiah
  6276 | D:6      | Killed Jeremiah
  6299 | D:6      | Reached skill level 12 in Spellcasting
  6601 | D:6      | Found Daemiru's Distillery.
  6609 | D:6      | Bought a potion of curing for 39 gold pieces
  6609 | D:6      | Bought a potion of heal wounds for 65 gold pieces
  6609 | D:6      | Bought a potion of heal wounds for 65 gold pieces
  6609 | D:6      | Bought a potion of curing for 39 gold pieces
  6869 | D:7      | HP: 2/49 [orc priest/divine providence (16)]
  6871 | D:7      | Slain by a sky beast

Illustrated notes

Levels and vault maps discovered:
D:1:      minmay_arrival_cross, layout_loops_cross,
          ebering_ecumenical_altar_rust, st_stairs_2
D:2:      layout_basic, basic_altar, st_stairs_1, kennysheep_nub,
          kennysheep_boxes
D:3:      layout_loops_ring, kennysheep_okawaru_gauntlet,
          gammafunk_temple_overflow_claw, gup_sewer_entry_bubbles,
          minmay_misc_feat_roman
D:4:      layout_rooms, doesnt_xom_only_xom, serial_shops, shop, uniq_eustachio
D:5:      layout_basic, kennysheep_minor_cross, nicolae_eternal_life
D:6:      layout_basic, serial_shops, nicolae_shop_tiny_glass, uniq_jeremiah
D:7:      layout_loops_ring, kennysheep_ying_yang,
          mainiacjoe_overflow_surrounded_room, minmay_temple_entry_antechambers

Skill      XL: |  1  2  3  4  5  6  7  8  9 |
---------------+----------------------------+-----
Spellcasting   | 5 6 7 9 11 12 | 12.3
Conjurations   | 2 3 4 6 |  6.9
Armour         | 1 3 4 |  4.0
Fighting       | 1 2 |  2.3
Dodging        | 3 |  3.2
Stealth        | 3 |  3.3
Poison Magic   | 1 |  1.0
Air Magic      | 1 |  1.0
Evocations     | 1 |  1.0
Summonings     | |  1.1
Translocations | |  1.1

Action                     |  1- 3 |  4- 6 |  7- 9 || total
---------------------------+-------+-------+-------++-------
  Melee: Dagger            |    28 |    62 |   124 ||   214
         Whip              |       |    11 |       ||    11
         Punch             |       |       |     1 ||     1
   Cast: Magic Dart        |    85 |    98 |   151 ||   334
         Mephitic Cloud    |       |     9 |    27 ||    36
         Call Imp          |       |     1 |     8 ||     9
         Blink             |       |       |     1 ||     1
   Stab: Confused          |       |     8 |    16 ||    24
 Armour: Robe              |    18 |    11 |       ||    29
         Troll leather arm |       |    30 |    21 ||    51
         Leather armour    |       |       |    38 ||    38
  Dodge: Dodged            |    43 |    95 |   123 ||   261

Table legend: (Time is in decaauts)
 A = Elapsed time spent in this place.
 B = Non-inter-level travel time spent in this place.
 C = Inter-level travel time spent in this place.
 D = Time resting spent in this place.
 E = Time spent auto-exploring this place.
 F = Levels seen in this place.
 G = Mean time per level.
                   A        B        C        D        E       F      G
               +--------+--------+--------+--------+--------+-----+--------+
         Total |   6919 |   6739 |    180 |    171 |   5355 |   8 |  864.9 |
       Dungeon |   6617 |   6437 |    180 |    171 |   5118 |   7 |  945.3 |
         Sewer |    302 |    302 |      0 |      0 |    237 |   1 |  302.0 |
               +--------+--------+--------+--------+--------+-----+--------+

Top non-repeatable levels by time:
     D:6: 1197 daAuts
     D:3: 1197 daAuts
     D:1: 1155 daAuts
     D:5: 1044 daAuts
     D:4: 1042 daAuts
     D:2: 954 daAuts
   Sewer: 302 daAuts
     D:7: 24 daAuts
